 Dungeon Crawl Stone Soup version 0.28-a0-1506-g3893175d92 (webtiles) character file.

Game seed: 286078212800148332

5434 comborobin the Cleaver (level 10, -1/91 HPs)
             Began as a Hill Orc Delver on Jan 14, 2022.
             Was an Initiate of Uskayaw.
             Succumbed to a hornet's poison
             ... on level 9 of the Dungeon.
             The game lasted 00:11:04 (7521 turns).

comborobin the Cleaver (Hill Orc Delver)            Turns: 7521, Time: 00:11:05

Health: -1/91      AC: 16    Str: 19 (22) XL:     10   Next: 68%
Magic:  13/15      EV: 10    Int:  9 (10) God:    Uskayaw [......]
Gold:   340        SH:  0    Dex: 15 (16) Spells: 9/9 levels left

rFire   x . .      SeeInvis .   a - +5 hand axe
rCold   . . .      Faith    .   (no shield)
rNeg    + + .      Spirit   .   m - +7 scale mail of Tulips {Fly rF- rN+ Str+6}
rPois   .          Reflect  .   l - +0 helmet
rElec   .          Harm     .   (no cloak)
rCorr   .          Rampage  .   (no gloves)
Will    .....                   (no boots)
Stlth   ++........              B - amulet of regeneration
HPRegen 1.05/turn               n - ring of positive energy
MPRegen 0.14/turn               (no ring)

@: lethally poisoned (-1 -> -8), flying
A: no striking features
a: Renounce Religion


You were on level 9 of the Dungeon.
You worshipped Uskayaw.
Uskayaw was noncommittal.
You visited 2 branches of the dungeon, and saw 8 of its levels.

You collected 340 gold pieces.

Inventory:

Hand Weapons
 a - a +5 hand axe (weapon)
 b - a +0 dagger
 f - a +0 war axe
 k - a +2 vorpal great mace
 E - a +2 rapier of flaming
Armour
 d - a +0 chain mail
 l - a +0 helmet (worn)
 m - the +7 scale mail of Tulips (worn) {Fly rF- rN+ Str+6}
   (You found it on level 5 of the Dungeon)

   Str:       It affects your strength (+6).
   rF:        It makes you vulnerable to fire.
   rN:        It protects you from negative energy.
   Fly:       It grants you flight.
 p - a +0 ring mail
 G - a +1 leather armour
Jewellery
 n - a ring of positive energy (left hand)
 B - an amulet of regeneration (around neck)
Wands
 g - a wand of digging (10)
 F - a wand of iceblast (2)
 I - a wand of flame (24)
Scrolls
 c - a scroll of fog
 j - 3 scrolls of identify {unknown}
 o - 2 scrolls of holy word {unknown}
 r - a scroll of vulnerability {unknown}
 s - 3 scrolls of noise {unknown}
 t - 5 scrolls of enchant weapon
 u - a scroll of amnesia {unknown}
 w - 2 scrolls of blinking {unknown}
 x - a scroll of immolation {unknown}
 y - a scroll of brand weapon {unknown}


   Skills:
 + Level 9.3 Fighting
 + Level 5.2 Short Blades
 + Level 9.7 Axes
 + Level 7.7 Armour
 - Level 1.5 Dodging
 + Level 6.5 Stealth
 + Level 6.9 Invocations


You had 9 spell levels left.
You didn't know any spells.
Your spell library contained the following spells:

 Spells                   Type           Power      Damage    Failure   Level
 Stone Arrow              Conj/Erth      0%         3d7       97%         3
 Animate Armour           Summ/Erth      0%         N/A       100%        4
 Lehudib's Crystal Spear  Conj/Erth      0%         10d2      100%        8


Dungeon Overview and Level Annotations

Branches:
Dungeon (9/15)             Temple (1/1) D:6
   Lair: D:8-11         Orc: D:9-12

Altars:
Ashenzari
Cheibriados
Elyvilon
Fedhas
Gozag
Hepliaklqana
Makhleb
Nemelex Xobeh
Okawaru
Qazlal
Ru
Sif Muna
Trog
Uskayaw
Vehumet
Wu Jian
Xom
Yredelemnul
Zin
The Shining One

Shops:
D:7 ?

Annotations:
D:9 Erica


Message History

The hornet stings you but does no damage.
The hornet barely misses you.
You closely miss the hornet.
The hornet is heavily wounded.
You feel very sick.
The hornet stings you but does no damage.
Unknown command.
You hit the hornet.
The hornet is severely wounded.
You feel very sick. The hornet barely misses you.
The hornet closely misses you.
Unknown command.
Okay, then.
As you read the scroll of teleportation, it crumbles to dust.
You feel strangely unstable.
You feel very sick. The hornet barely misses you. The hornet stings you.
* * * LOW HITPOINT WARNING * * *
You are more poisoned.
You feel as though you will be slow longer.
You feel strangely stable.
Your magical effects are unravelling.
You feel magically purged.
You feel yourself speed up.
You feel very sick. The hornet closely misses you.
The hornet stings you but does no damage.
The hornet stings you.
* * * LOW HITPOINT WARNING * * *
You are more poisoned.
You feel yourself slow down.
* * * LOW HITPOINT WARNING * * *
You feel extremely sick. The hornet stings you!
* * * LOW HITPOINT WARNING * * *
You feel as though you will be slow longer.
Okay, then.
Okay, then.
You feel yourself speed up.
You die...

.. .##### #....# #....#
#.>..#
####....###########
........#.........#
..................+
.....##.#y.@......#######
........#..............<#
........#.###############
........#.# .....##.#.#
..... #.#.# .... ..#.#
.... .#### ... .


You could see a hornet.

Vanquished Creatures
  A freezing wraith (D:8)
  A kobold demonologist (D:6)
  Grinder (D:3)
  Prince Ribbit (D:6)
  2 yaks (D:6)
  A wyvern (D:8)
  2 wraiths (D:8)
  3 steam dragons
  A water moccasin (D:7)
  An acid dragon (D:8)
  3 ice beasts
  2 black bears
  A necrophage (D:6)
  2 sky beasts
  2 orc warriors (D:7)
  2 ogres
  3 centaurs
  A kobold brigand (D:8)
  A phantom (D:7)
  Blork the orc (D:4)
  2 bullfrogs (D:7)
  A gnoll sergeant (D:6)
  A wyvern zombie (D:8)
  A scorpion (D:7)
  A water moccasin skeleton (D:4)
  2 water moccasin zombies
  A killer bee (D:7)
  6 wights
  A bullfrog zombie (D:7)
  3 centaur zombies (D:7)
  4 hounds
  2 jellies
  A centaur skeleton (D:4)
  7 orc priests
  A bullfrog skeleton (D:6)
  2 gnoll shamans
  2 orc wizards (D:7)
  2 hound skeletons
  Robin (D:3)
  3 adders
  8 gnolls (D:6)
  A shadow imp (D:6)
  A white imp (D:5)
  An ufetubus (D:5)
  2 adder skeletons (D:4)
  3 dart slugs (D:4)
  A worm (D:3)
  15 orcs
  A bat (D:3)
  2 endoplasms
  3 giant cockroaches (D:4)
  10 goblins (D:3)
  6 hobgoblins
  7 jackals (D:5)
  8 kobolds
  2 quokkas
  5 ball pythons
  2 rats (D:3)
154 creatures vanquished.

Notes
Turn   | Place    | Note
-------+----------+-------------------------------------------
     0 | D:5      | comborobin the Hill Orc Delver began the quest for the Orb.
     0 | D:5      | Reached XP level 1. HP: 19/19 MP: 1/1
   192 | D:4      | Noticed a gnoll shaman
   303 | D:5      | Reached XP level 2. HP: 27/27 MP: 2/2
   308 | D:5      | Reached skill level 1 in Armour
   611 | D:4      | Reached XP level 3. HP: 23/33 MP: 3/3
   755 | D:4      | Reached XP level 4. HP: 24/41 MP: 4/4
   819 | D:3      | Noticed Robin
  1013 | D:3      | Killed Robin
  1154 | D:3      | Found a white marble altar of Elyvilon.
  1195 | D:3      | Found a stormy altar of Qazlal.
  1196 | D:3      | Noticed a water elemental
  1335 | D:3      | Noticed an air elemental
  1339 | D:3      | Noticed a fire elemental
  1340 | D:3      | Noticed an earth elemental
  1431 | D:3      | Noticed Grinder
  1441 | D:3      | Paralysed by Grinder for 2 turns
  1447 | D:3      | Paralysed by Grinder for 6 turns
  1474 | D:3      | Killed Grinder
  1475 | D:3      | Reached skill level 5 in Fighting
  1475 | D:3      | Reached skill level 5 in Axes
  1475 | D:3      | Reached XP level 5. HP: 49/49 MP: 5/5
  1475 | D:3      | Reached XP level 6. HP: 56/56 MP: 6/6
  2136 | D:4      | Reached XP level 7. HP: 59/63 MP: 7/7
  2206 | D:4      | Found a sacrificial altar of Ru.
  2524 | D:4      | Found a hazy altar of Hepliaklqana.
  2525 | D:4      | Noticed Blork the orc
  2526 | D:4      | Found a faded altar of an unknown god.
  2537 | D:4      | Killed Blork the orc
  3370 | D:5      | Identified the +7 scale mail of Tulips {Fly rF- rN+ Str+6}
  3497 | D:5      | Reached skill level 5 in Armour
  3755 | D:5      | Reached XP level 8. HP: 73/73 MP: 8/8
  4559 | D:6      | Noticed Prince Ribbit
  4569 | D:6      | Killed Prince Ribbit
  4613 | D:6      | Found a staircase to the Ecumenical Temple.
  4722 | Temple   | Entered the Ecumenical Temple
  4781 | Temple   | Became a worshipper of Uskayaw the Reveller
  4852 | D:6      | Reached * piety under Uskayaw
  4956 | D:6      | Reached ** piety under Uskayaw
  4982 | D:6      | Noticed a kobold demonologist
  4983 | D:6      | Noticed a yak
  4991 | D:6      | Reached skill level 1 in Invocations
  4998 | D:6      | Reached *** piety under Uskayaw
  5000 | D:6      | Reached **** piety under Uskayaw
  5003 | D:6      | Killed a yak
  5004 | D:6      | Reached XP level 9. HP: 60/82 MP: 10/10
  5015 | D:6      | Noticed a rust devil
  5024 | D:6      | Killed a kobold demonologist
  5024 | D:6      | Reached ***** piety under Uskayaw
  5352 | D:7      | Found a large runed translucent door.
  5353 | D:7      | Found a large runed translucent door.
  5416 | D:7      | Reached skill level 5 in Invocations
  5462 | D:7      | Found Ycudavvo's Magic Scroll Emporium.
  5815 | D:7      | Reached skill level 1 in Short Blades
  5890 | D:7      | Reached skill level 5 in Stealth
  5903 | D:7      | Reached XP level 10. HP: 74/91 MP: 14/14
  6104 | D:7      | Found an ornate altar of the Wu Jian Council.
  6121 | D:7      | Found a bloodstained altar of Trog.
  6564 | D:8      | Reached skill level 5 in Short Blades
  6937 | D:9      | Noticed Erica
  7016 | D:9      | Noticed a death knight
  7520 | D:9      | HP: 2/91 [hornet (10)]
  7521 | D:9      | Succumbed to a hornet's poison

Illustrated notes

Levels and vault maps discovered:
D:3:      layout_loops_cross, mainiacjoe_overflow_alcove_4,
          nicolae_qazlal_style_of_elements, nicolae_elevator_lobby_plus,
          uniq_grinder, uniq_robin
D:4:      layout_loops_ring, beargit_hepliaklqana_dungeon_heroes,
          nicolae_ru_awakened_eye, minmay_fountain_box, st_stairs_10,
          kennysheep_generic_room_4
D:5:      layout_basic
D:6:      minmay_chambers_of_sixes, layout_cave_pools,
          minmay_temple_entry_poolview, uniq_prince_ribbit1
D:7:      layout_cave_pools, jmf_multi_god_temple2, serial_shops,
          nicolae_shop_hallway_plus, chequers_serial_rivers_micro_d,
          minmay_joined_circles
D:8:      layout_cave_pools, hangedman_decor_clover_reticule
D:9:      wad_cavern_with_rooms, layout_basic,
          mainiacjoe_overflow_concentric_impassable, serial_shops,
          nicolae_shop_bloodbath_and_beyond, hangedman_decor_push, uniq_erica
Temple:   zaba_magenta_temple

Skill      XL: |  1  2  3  4  5  6  7  8  9 10 |
---------------+-------------------------------+-----
Axes           | 3 4 5 7 8 9 |  9.7
Armour         | 1 2 3 4 5 6 7 |  7.7
Fighting       | 4 5 6 7 8 9 |  9.3
Invocations    | 2 6 |  6.9
Short Blades   | 3 5 |  5.2
Stealth        | 5 6 |  6.5
Dodging        | |  1.5

Action                   |  1- 3 |  4- 6 |  7- 9 | 10-12 || total
-------------------------+-------+-------+-------+-------++-------
Melee: Hand axe          |    41 |   105 |   290 |   152 ||   588
       War axe           |     8 |       |       |       ||     8
       Unarmed           |       |     6 |       |       ||     6
       Punch             |       |     1 |     2 |     3 ||     6
       Dagger            |       |       |     4 |    15 ||    19
Invok: Stomp             |       |       |     2 |     9 ||    11
       Line Pass         |       |       |     2 |     2 ||     4
Evoke: Wand              |       |       |     4 |    16 ||    20
  Use: Potion            |     1 |     2 |     3 |    13 ||    19
       Scroll            |       |     3 |     2 |     4 ||     9
 Stab: Sleeping          |     1 |     5 |     6 |       ||    12
       Paralysed         |       |       |     8 |     6 ||    14
       Confused          |       |       |     1 |       ||     1
Armor: Leather armour    |    12 |    24 |    15 |       ||    51
       Skin              |       |    15 |       |       ||    15
       Scale mail        |       |       |   151 |    80 ||   231
Dodge: Dodged            |    40 |    41 |   131 |    95 ||   307

Table legend: (Time is in decaauts)
 A = Elapsed time spent in this place.
 B = Non-inter-level travel time spent in this place.
 C = Inter-level travel time spent in this place.
 D = Time resting spent in this place.
 E = Time spent auto-exploring this place.
 F = Levels seen in this place.
 G = Mean time per level.
                   A        B        C        D        E       F      G
               +--------+--------+--------+--------+--------+-----+--------+
         Total |   7454 |   7128 |    326 |   1297 |   4411 |   8 |  931.8 |
       Dungeon |   7379 |   7073 |    306 |   1297 |   4361 |   7 | 1054.1 |
        Temple |     74 |     55 |     19 |      0 |     50 |   1 |   74.0 |
               +--------+--------+--------+--------+--------+-----+--------+

Top non-repeatable levels by time:
     D:6: 1396 daAuts
     D:5: 1380 daAuts
     D:3: 1237 daAuts
     D:8: 1166 daAuts
     D:4: 1154 daAuts
     D:7: 951 daAuts
     D:9: 93 daAuts
  Temple: 74 daAuts
